 Dungeon Sprint DCSS version 0.24-a0-536-gdd4cf15 (webtiles) character file.

Game seed: 950668046798491223

25 silentkaos13 the Covered (level 3, -1/32 HPs)
             Began as a Gnoll Wanderer on Aug 13, 2019.
             Slain by an ogre
             ... wielding a cursed -3 giant spiked club
              (8 damage)
             ... in the Dungeon (Sprint I: "Red Sonja").
             The game lasted 00:00:34 (96 turns).

silentkaos13 the Covered (Gnoll Wanderer)             Turns: 96, Time: 00:00:35

Health: -1/32      AC:  9    Str: 14    XL:     3   Next: 4%
Magic:  6/6        EV: 10    Int: 16    God:
Gold:   0          SH:  0    Dex: 13    Spells: 5/5 levels left

rFire    . . .     SeeInvis .   a - +0 hand axe
rCold    . . .     Gourm    .   (no shield)
rNeg     . . .     Faith    .   b - +2 scale mail
rPois    .         Spirit   .   (no helmet)
rElec    .         Reflect  .   (no cloak)
rCorr    .         Harm     .   (no gloves)
MR       .....     NoTele   +   (no boots)
Stlth    ..........             (no amulet)
HPRegen  0.10/turn              (no ring)
MPRegen  0.10/turn              (no ring)

@: no status effects
A: distributed training, fangs 1, strong nose
a: no special abilities


You were in the Dungeon.
You were not hungry.

You visited 1 branch

Inventory:

Hand Weapons
 a - a +0 hand axe (weapon)
Armour
 b - a +2 scale mail (worn)
Scrolls
 i - a scroll of blinking
Potions
 c - 2 potions of curing
 e - a potion of heal wounds
 f - a potion of haste
 g - 2 potions of magic
 h - a potion of berserk rage
Comestibles
 d - a ration


   Skills:
 + Level 4.9 Fighting
 + Level 1.7 Short Blades
 + Level 1.7 Long Blades
 + Level 1.7 Axes
 + Level 1.7 Maces & Flails
 + Level 1.7 Polearms
 + Level 1.7 Staves
 + Level 1.7 Slings
 + Level 1.7 Bows
 + Level 6.7 Crossbows
 + Level 1.7 Throwing
 + Level 6.7 Armour
 + Level 1.7 Dodging
 + Level 1.7 Stealth
 + Level 1.7 Shields
 + Level 1.7 Unarmed Combat
 + Level 1.7 Spellcasting
 + Level 1.3 Conjurations
 + Level 1.3 Hexes
 + Level 1.3 Charms
 + Level 1.3 Summonings
 + Level 1.3 Necromancy
 + Level 1.3 Translocations
 + Level 1.3 Transmutations
 + Level 1.3 Fire Magic
 + Level 1.3 Ice Magic
 + Level 1.3 Air Magic
 + Level 1.3 Earth Magic
 + Level 1.3 Poison Magic
 + Level 1.9 Invocations
 + Level 4.9 Evocations


You had 5 spell levels left.
You didn't know any spells.
Your spell library was empty.

Dungeon Overview and Level Annotations

Branches:
Dungeon (1/1)

Altars:


Innate Abilities, Weirdness & Mutations

Your experience applies equally to all skills.
You have very sharp teeth.
Your uncanny sense of smell can sniff out nearby items.


Message History

You hit the ogre.
The ogre is lightly wounded.
The ogre hits you with a cursed -3 giant spiked club!!
Ouch! That really hurt!
* * * LOW HITPOINT WARNING * * *
You hit the ogre but do no damage.
The ogre is lightly wounded.
You slash the ogre!
The ogre is moderately wounded.
The ogre barely misses you.
You hit the ogre. Your bite misses the ogre.
The ogre is heavily wounded.
The ogre closely misses you.
You hit the ogre. You bite the ogre.
The ogre is heavily wounded.
The ogre completely misses you.
You barely miss the ogre.
The ogre is heavily wounded.
The ogre hits you with a cursed -3 giant spiked club!
You die...

##########
#<.#..@O.#
∆
#..').#..+
∆
#..#####+#
#..# ∆∆
∆∆∆ #..#
∆∆ #..#
#⌠⌠# ####
∆∆


You could see an ogre.

Vanquished Creatures
  Ijyb (D)
1 creature vanquished.

Notes
Turn   | Place    | Note
-------+----------+-------------------------------------------
     0 | D        | silentkaos13 the Gnoll Wanderer began the quest for the
                  | Orb.
     0 | D        | silentkaos13 set off with the following items: a +0 hand
                  | axe, a +2 scale mail, 2 potions of curing, a ration, a
                  | potion of heal wounds, a potion of haste, 2 potions of
                  | magic, a potion of berserk rage, a scroll of blinking
     0 | D        | Reached XP level 1. HP: 20/20 MP: 3/3
     1 | D        | Noticed Ijyb
    30 | D        | Killed Ijyb
    30 | D        | Reached skill level 1 in Short Blades
    30 | D        | Reached skill level 1 in Long Blades
    30 | D        | Reached skill level 1 in Axes
    30 | D        | Reached skill level 1 in Maces & Flails
    30 | D        | Reached skill level 1 in Polearms
    30 | D        | Reached skill level 1 in Staves
    30 | D        | Reached skill level 1 in Slings
    30 | D        | Reached skill level 1 in Bows
    30 | D        | Reached skill level 1 in Throwing
    30 | D        | Reached skill level 1 in Dodging
    30 | D        | Reached skill level 1 in Stealth
    30 | D        | Reached skill level 1 in Shields
    30 | D        | Reached skill level 1 in Unarmed Combat
    30 | D        | Reached skill level 1 in Spellcasting
    30 | D        | Reached skill level 1 in Conjurations
    30 | D        | Reached skill level 1 in Hexes
    30 | D        | Reached skill level 1 in Charms
    30 | D        | Reached skill level 1 in Summonings
    30 | D        | Reached skill level 1 in Necromancy
    30 | D        | Reached skill level 1 in Translocations
    30 | D        | Reached skill level 1 in Transmutations
    30 | D        | Reached skill level 1 in Fire Magic
    30 | D        | Reached skill level 1 in Ice Magic
    30 | D        | Reached skill level 1 in Air Magic
    30 | D        | Reached skill level 1 in Earth Magic
    30 | D        | Reached skill level 1 in Poison Magic
    30 | D        | Reached skill level 1 in Invocations
    30 | D        | Reached XP level 2. HP: 21/26 MP: 5/5
    30 | D        | Reached XP level 3. HP: 26/32 MP: 6/6
    89 | D        | Noticed an ogre
    96 | D        | Slain by an ogre

Levels and vault maps discovered:
D:        dungeon_sprint_1 [red_sonja_temple_1, red_sonja_temple_small_1]

Skill      XL: |  1 |
---------------+----+-----
Short Blades   | 1 |  1.7
Long Blades    | 1 |  1.7
Axes           | 1 |  1.7
Maces & Flails | 1 |  1.7
Polearms       | 1 |  1.7
Staves         | 1 |  1.7
Slings         | 1 |  1.7
Bows           | 1 |  1.7
Throwing       | 1 |  1.7
Dodging        | 1 |  1.7
Stealth        | 1 |  1.7
Shields        | 1 |  1.7
Unarmed Combat | 1 |  1.7
Spellcasting   | 1 |  1.7
Conjurations   | 1 |  1.3
Hexes          | 1 |  1.3
Charms         | 1 |  1.3
Summonings     | 1 |  1.3
Necromancy     | 1 |  1.3
Translocations | 1 |  1.3
Transmutations | 1 |  1.3
Fire Magic     | 1 |  1.3
Ice Magic      | 1 |  1.3
Air Magic      | 1 |  1.3
Earth Magic    | 1 |  1.3
Poison Magic   | 1 |  1.3
Invocations    | 1 |  1.9
Fighting       | |  4.9
Crossbows      | |  6.7
Armour         | |  6.7
Evocations     | |  4.9

Action                   || total
-------------------------++-------
Melee: Hand axe          ||    34
       Bite              ||     4
Armor: Scale mail        ||    10
Dodge: Dodged            ||    15

Table legend:
 A = Non-vault XP
 B = Vault XP
 C = Vault XP percentage of total XP
 D = Non-vault monster count
 E = Vault monster count
 F = Vault count percentage of total count
                 A         B        C        D         E       F
            +---------+---------+-------+---------+---------+-------
      Total |       0 |      36 | 100.0 |       0 |       1 | 100.0
            +---------+---------+-------+---------+---------+-------
          D |       0 |      36 | 100.0 |       0 |       1 | 100.0
            +---------+---------+-------+---------+---------+-------
